 Dungeon Crawl Stone Soup version 0.29.0-13-gc9e81de378 (webtiles) character file.

Game seed: 4899145142483735016

519 gdog the Covert (level 7, -7/60 HPs)
             Began as a Gnoll Delver on Sept 10, 2022.
             Mangled by Pikel
             ... wielding a +2 whip of electrocution
              (8 damage)
             ... on level 3 of the Dungeon.
             The game lasted 00:13:07 (4084 turns).

gdog the Covert (Gnoll Delver)                      Turns: 4084, Time: 00:13:10

Health: -7/60      AC:  6    Str: 12    XL:     7   Next: 21%
Magic:  10/10      EV: 12    Int: 11    God:
Gold:   157        SH:  0    Dex: 13    Spells: 10/10 levels left

rFire   . . .      SeeInvis .   r - +1 quarterstaff
rCold   . . .      Faith    .   (shield currently unavailable)
rNeg    . . .      Spirit   .   u - +0 ring mail
rPois   .          Reflect  .   (no helmet)
rElec   .          Harm     .   (no cloak)
rCorr   .          Rampage  .   (no gloves)
Will    +....                   w - +0 pair of boots
Stlth   ++++......              i - amulet of the acrobat
HPRegen 0.20/turn               q - ring of willpower
MPRegen 0.12/turn               s - ring of wizardry

@: brilliant
A: fangs 1, strong nose, distributed training
a: no special abilities


You were on level 3 of the Dungeon.
You visited 1 branch of the dungeon, and saw 5 of its levels.

You collected 157 gold pieces.

Inventory:

Hand Weapons
 a - a +0 hand axe
 e - a +0 dagger
 j - a +0 rapier
 r - a +1 quarterstaff (weapon)
 y - a +0 war axe
Missiles
 z - 5 poisoned darts (quivered)
Armour
 b - a +0 leather armour
 u - a +0 ring mail (worn)
 w - a +0 pair of boots (worn)
Jewellery
 i - an amulet of the acrobat (around neck)
 q - a ring of willpower (left hand)
 s - a ring of wizardry (right hand)
Wands
 g - a wand of digging (3)
 v - a wand of flame (2)
Scrolls
 c - a scroll of fog
 f - a scroll of identify
 n - 2 scrolls of magic mapping
 t - 2 scrolls of silence
Potions
 h - a potion of flight {unknown}
 k - 2 potions of curing
 l - 3 potions of ambrosia {unknown}
 m - 2 potions of resistance {unknown}
 o - a potion of invisibility {unknown}
 p - a potion of cancellation {unknown}


   Skills:
 + Level 7.0 Fighting
 + Level 2.4 Short Blades
 + Level 2.4 Long Blades
 + Level 5.2 Axes
 + Level 2.4 Maces & Flails
 + Level 2.4 Polearms
 + Level 2.4 Staves
 + Level 2.4 Ranged Weapons
 + Level 2.4 Throwing
 + Level 2.4 Armour
 + Level 5.2 Dodging
 + Level 9.9 Stealth
 + Level 2.4 Shields
 + Level 2.4 Unarmed Combat
 + Level 2.4 Spellcasting
 + Level 2.0 Conjurations
 + Level 2.0 Hexes
 + Level 2.0 Summonings
 + Level 2.0 Necromancy
 + Level 2.0 Translocations
 + Level 2.0 Transmutations
 + Level 2.0 Fire Magic
 + Level 2.0 Ice Magic
 + Level 2.0 Air Magic
 + Level 2.0 Earth Magic
 + Level 2.0 Poison Magic
 + Level 2.7 Invocations
 + Level 2.4 Evocations


You had 10 spell levels left.
You didn't know any spells.
Your spell library was empty.

Dungeon Overview and Level Annotations

Branches:
Dungeon (5/15)             Temple (0/1) D:5

Altars:
Yredelemnul

Shops:
D:1 (   D:3 (

Annotations:
D:3 Pikel


Innate Abilities, Weirdness & Mutations

You have very sharp teeth.
Your uncanny sense of smell can sniff out nearby items.
Your experience applies equally to all skills.


Message History

Pikel hits you with a +2 whip of electrocution!
You are electrocuted!!
You hit Pikel.
Pikel is heavily wounded.
Pikel hits you with a +2 whip of electrocution.
You closely miss Pikel.
Pikel is heavily wounded.
Pikel hits you with a +2 whip of electrocution.
You hit Pikel but do no damage.
Pikel is heavily wounded.
Pikel closely misses you.
You barely miss Pikel.
Pikel is heavily wounded.
Pikel hits you with a +2 whip of electrocution!
* * * LOW HITPOINT WARNING * * *
Okay, then.
You feel better.
Pikel hits you with a +2 whip of electrocution.
* * * LOW HITPOINT WARNING * * *
You are electrocuted!
* * * LOW HITPOINT WARNING * * *
Okay, then.
Okay, then.
It was a potion of brilliance.
You feel clever all of a sudden. Pikel hits you but does no damage.
Aiming: Throw Flame
Press: ? - help, Shift-Dir - straight line, f - Pikel
Aim: Pikel, wielding a +2 whip of electrocution and wearing a +1 robe of cold resistance (heavily wounded, 64% to hit)
The puff of flame hits Pikel!
Pikel is severely wounded.
Pikel says, "You'll rot in Tartarus!"
Pikel barely misses you.
Aiming: Throw Flame
Press: ? - help, Shift-Dir - straight line, f/p - Pikel
Aim: Pikel, wielding a +2 whip of electrocution and wearing a +1 robe of cold resistance (severely wounded, 64% to hit)
The puff of flame hits Pikel but does no damage.
Pikel is severely wounded.
Pikel hits you with a +2 whip of electrocution!
You die...

...................### #.###.###.
###................#####...#..†..
#...................####.###)##
#...................# #...#.#.
###...#####...........# #...###.
##......###.##........# ##......
........+....+........# #...#..
........###.##...K....#######.#.#
................@................
............#...........#####.#<#
..............#.........'.....#..
..............#.........#######.#
.............##...(..............
..##.....................######.#
.........................### #.#
..................#........# #.#
.^................#........# #.#


You could see Pikel.

Vanquished Creatures
  Grinder (D:3)
  2 scorpions (D:4)
  An iguana (D:4)
  A mummy (D:4)
  A gnoll (D:1)
  6 adders
  An ufetubus (D:4)
  7 orcs
  9 ball pythons
  5 endoplasms
  A giant cockroach (D:2)
  10 hobgoblins
  3 jackals (D:1)
  3 kobolds
  3 quokkas
  8 bats
  3 frilled lizards
  6 goblins
  2 kobold zombies (D:4)
  An orc zombie (D:4)
  A rat (D:3)
75 creatures vanquished.

Vanquished Creatures (others)
  4 plants (D:3)
4 creatures vanquished.

Grand Total: 79 creatures vanquished

Notes
Turn   | Place    | Note
-------+----------+-------------------------------------------
     0 | D:5      | Reached skill level 9 in Stealth
     0 | D:5      | gdog the Gnoll Delver began the quest for the Orb.
     0 | D:5      | Reached XP level 1. HP: 23/23 MP: 1/1
   359 | D:2      | Reached XP level 2. HP: 29/29 MP: 2/2
   509 | D:1      | Reached XP level 3. HP: 32/35 MP: 3/3
   686 | D:1      | Found Rannecsu's Antique Weapon Boutique.
   745 | D:1      | Reached skill level 1 in Invocations
  1356 | D:1      | Reached skill level 1 in Short Blades
  1356 | D:1      | Reached skill level 1 in Long Blades
  1356 | D:1      | Reached skill level 1 in Maces & Flails
  1356 | D:1      | Reached skill level 1 in Polearms
  1356 | D:1      | Reached skill level 1 in Staves
  1356 | D:1      | Reached skill level 1 in Ranged Weapons
  1356 | D:1      | Reached skill level 1 in Throwing
  1356 | D:1      | Reached skill level 1 in Armour
  1356 | D:1      | Reached skill level 1 in Shields
  1356 | D:1      | Reached skill level 1 in Unarmed Combat
  1356 | D:1      | Reached skill level 1 in Spellcasting
  1356 | D:1      | Reached skill level 1 in Evocations
  1803 | D:1      | Reached XP level 4. HP: 39/41 MP: 5/5
  2382 | D:2      | Reached skill level 1 in Conjurations
  2382 | D:2      | Reached skill level 1 in Hexes
  2382 | D:2      | Reached skill level 1 in Summonings
  2382 | D:2      | Reached skill level 1 in Necromancy
  2382 | D:2      | Reached skill level 1 in Translocations
  2382 | D:2      | Reached skill level 1 in Transmutations
  2382 | D:2      | Reached skill level 1 in Fire Magic
  2382 | D:2      | Reached skill level 1 in Ice Magic
  2382 | D:2      | Reached skill level 1 in Air Magic
  2382 | D:2      | Reached skill level 1 in Earth Magic
  2382 | D:2      | Reached skill level 1 in Poison Magic
  2538 | D:3      | Found a faded altar of an unknown god.
  2985 | D:3      | Found Amarr's Antique Weapon Emporium.
  3061 | D:3      | Noticed Grinder
  3080 | D:3      | Killed Grinder
  3081 | D:3      | Reached skill level 5 in Axes
  3081 | D:3      | Reached skill level 5 in Dodging
  3081 | D:3      | Reached XP level 5. HP: 22/47 MP: 5/8
  3081 | D:3      | Reached XP level 6. HP: 25/53 MP: 5/9
  3672 | D:3      | Found a basalt altar of Yredelemnul.
  3919 | D:4      | Noticed an orc warrior
  3923 | D:4      | Noticed Pikel
  4020 | D:4      | Reached XP level 7. HP: 59/60 MP: 10/10
  4081 | D:3      | HP: 1/60 [Pikel/+2 whip of electrocution (13)]
  4084 | D:3      | Mangled by Pikel

Illustrated notes

Levels and vault maps discovered:
D:1:      matt_arrival_spirals, layout_loops_corners, serial_shops,
          nicolae_shop_statue_plus
D:2:      layout_loops_corners
D:3:      layout_basic, marbit_many_paths, basic_ecumenical_altar, serial_shops,
          nicolae_square_shop, nicolae_concentric_dashed_squares_mild,
          serial_bayou_pond_c, minmay_quantized, uniq_grinder
D:4:      layout_cave_pools, minmay_mini_ossuary, uniq_edmund, uniq_pikel
D:5:      layout_basic, kennysheep_mini_moat, gammafunk_temple_overflow_wave,
          mainiacjoe_overflow_alcove_2, minmay_temple_entry_statues_fountains,
          gammafunk_ghost_hive, enter_ossuary_3, nicolae_shop_firing_range,
          uniq_menkaure

Skill      XL: |  1  2  3  4  5  6  7 |
---------------+----------------------+-----
Stealth        | |  9.9
Invocations    | 1 2 |  2.7
Short Blades   | 1 2 |  2.4
Long Blades    | 1 2 |  2.4
Maces & Flails | 1 2 |  2.4
Polearms       | 1 2 |  2.4
Staves         | 1 2 |  2.4
Ranged Weapons | 1 2 |  2.4
Throwing       | 1 2 |  2.4
Armour         | 1 2 |  2.4
Shields        | 1 2 |  2.4
Unarmed Combat | 1 2 |  2.4
Spellcasting   | 1 2 |  2.4
Evocations     | 1 2 |  2.4
Conjurations   | 1 2 |  2.0
Hexes          | 1 2 |  2.0
Summonings     | 1 2 |  2.0
Necromancy     | 1 2 |  2.0
Translocations | 1 2 |  2.0
Transmutations | 1 2 |  2.0
Fire Magic     | 1 2 |  2.0
Ice Magic      | 1 2 |  2.0
Air Magic      | 1 2 |  2.0
Earth Magic    | 1 2 |  2.0
Poison Magic   | 1 2 |  2.0
Axes           | 5 |  5.2
Dodging        | 5 |  5.2
Fighting       | 7 |  7.0

Action                   |  1- 3 |  4- 6 |  7- 9 || total
-------------------------+-------+-------+-------++-------
Melee: Hand axe          |    61 |       |       ||    61
       Bite              |     7 |    18 |       ||    25
       Quarterstaff      |    23 |   121 |    11 ||   155
       Dagger            |       |       |     1 ||     1
Throw: Dart              |       |     1 |       ||     1
Evoke: Wand              |       |     9 |     7 ||    16
  Use: Scroll            |     3 |     6 |       ||     9
       Potion            |       |     5 |     2 ||     7
 Stab: Sleeping          |    13 |     9 |     1 ||    23
Armor: Leather armour    |    13 |     2 |       ||    15
       Ring mail         |       |    43 |     1 ||    44
Dodge: Dodged            |    69 |    90 |     8 ||   167
